 Dungeon Crawl Stone Soup version 0.28-a0-969-g2dcde036d2 (webtiles) character file.

Game seed: 12670075675839574480

16 JohnySteedPL the Skirmisher (level 2, -1/25 HPs)
             Began as a Formicid Abyssal Knight on Dec 1, 2021.
             Was a Follower of Lugonu.
             Slain by a hobgoblin (2 damage)
             ... on level 2 of the Dungeon.
             The game lasted 00:04:33 (451 turns).

JohnySteedPL the Skirmisher (FoAK)                   Turns: 451, Time: 00:04:33

Health: -1/25      AC:  3    Str: 17    XL:     2   Next: 75%
Magic:  3/3        EV: 11    Int:  9    God:    Lugonu [*.....]
Gold:   49         SH:  0    Dex: 11    Spells: 1/1 levels left

rFire   . . .      SeeInvis +   a - +1 falchion
rCold   . . .      Faith    .   (no shield)
rNeg    . . .      Spirit   .   b - +0 leather armour
rPois   .          Reflect  .   (helmet unavailable)
rElec   .          Harm     .   (no cloak)
rCorr   .          Rampage  .   (no gloves)
Will    .....                   (no boots)
Stlth   +.........              (no amulet)
HPRegen 0.08/turn               (no ring)
MPRegen 0.08/turn               (no ring)

@: no status effects
A: permanent stasis, dig shafts and tunnels, antennae 3, four strong arms
a: Dig, Shaft Self, Renounce Religion, Depart the Abyss


You were on level 2 of the Dungeon.
You worshipped Lugonu.
Lugonu was aware of your devotion.
You visited 1 branch of the dungeon, and saw 2 of its levels.
You visited the Abyss 1 time.

You collected 49 gold pieces.

Inventory:

Hand Weapons
 a - a +1 falchion (weapon)
Armour
 b - a +0 leather armour (worn)
Scrolls
 f - a scroll of teleportation {unknown}
Potions
 c - a potion of ambrosia {unknown}
 d - a potion of degeneration {unknown}
 e - a potion of mutation {unknown}


   Skills:
 * Level 4.0 Fighting
 * Level 2.1 Long Blades
 * Level 2.2 Armour
 + Level 0.8 Dodging
 + Level 0.2 Stealth
 + Level 2.2 Invocations


You had one spell level left.
You didn't know any spells.
Your spell library was empty.

Dungeon Overview and Level Annotations

Branches:
Dungeon (1/15)

Altars:

Annotations:
D:2 Terence


Innate Abilities, Weirdness & Mutations

You cannot be hasted, slowed, berserked, paralysed or teleported.
You can dig through walls and to a lower floor.
You have a pair of large antennae on your head. (SInv)
Your four strong arms can wield two-handed weapons with a shield.


Message History

You closely miss the bat. The bat hits you but does no damage.
The bat barely misses you. x2
You closely miss the bat.
The gnoll shouts!
The bat barely misses you.
The hobgoblin hits you but does no damage.
You hit the bat.
You kill the bat!
Lugonu accepts your kill. The hobgoblin hits you.
You closely miss Terence. Terence closely misses you.
The hobgoblin closely misses you.
A gnoll comes into view. It is wielding a +0 spear.
Terence hits you with a +3 mace of protection.
The hobgoblin barely misses you.
You hit Terence.
Terence is moderately wounded.
Terence barely misses you.
The hobgoblin hits you but does no damage.
You hit Terence but do no damage.
Terence is moderately wounded.
A gnoll comes into view. It is wielding a +0 club.
Terence hits you with a +3 mace of protection.
The hobgoblin hits you.
The gnoll shouts!
You hit Terence but do no damage.
Terence is moderately wounded.
Terence closely misses you. The hobgoblin completely misses you.
You hit Terence.
Terence is moderately wounded.
Terence hits you with a +3 mace of protection!
* * * LOW HITPOINT WARNING * * *
The hobgoblin hits you.
* * * LOW HITPOINT WARNING * * *
You hit Terence but do no damage.
Terence is moderately wounded.
Terence closely misses you.
A gnoll comes into view. It is wielding a +0 spear.
The hobgoblin hits you.
You die...

#...g
....
....
.g#
.g#
#g#
#@#
#@#
##g#
#Kr#
##.#
..#
..#
...#
....
.....


You could see Terence, 4 gnolls, a quokka, a hobgoblin and a kobold.

Vanquished Creatures
  A dart slug (D:1)
  2 bats
  An endoplasm (D:1)
  A giant cockroach (D:1)
  3 goblins (D:1)
  2 hobgoblins (D:1)
  2 rats (D:1)
12 creatures vanquished.

Notes
Turn   | Place    | Note
-------+----------+-------------------------------------------
     0 | Abyss:1  | JohnySteedPL the Formicid Abyssal Knight began the quest
                  | for the Orb.
     0 | Abyss:1  | Reached XP level 1. HP: 18/18 MP: 2/2
    55 | Abyss:1  | Noticed a starcursed mass
    57 | D:1      | Escaped the Abyss
   236 | D:1      | Reached * piety under Lugonu
   262 | D:1      | Reached XP level 2. HP: 19/25 MP: 3/3
   428 | D:1      | Reached skill level 4 in Fighting
   438 | D:1      | You fall into a shaft and drop 1 floor!
   440 | D:2      | Noticed Terence
   450 | D:2      | HP: 1/25 [hobgoblin (1)]
   451 | D:2      | Slain by a hobgoblin

Illustrated notes

Levels and vault maps discovered:
D:1:      enne_arrival_octagon_isle, layout_loops_ring, amcnicky_mini_pool_small
D:2:      layout_rooms, minmay_box_of_dots, uniq_terence

Skill      XL: |  1  2 |
---------------+-------+-----
Fighting       | 4 |  4.0
Long Blades    | |  2.1
Armour         | |  2.2
Dodging        | |  0.8
Stealth        | |  0.2
Invocations    | |  2.2

Action                   || total
-------------------------++-------
Melee: Falchion          ||    44
Invok: Depart the Abyss  ||     1
 Abil: Dig               ||     5
       Shaft Self        ||     1
Armor: Leather armour    ||    19
Dodge: Dodged            ||    31

Table legend: (Time is in decaauts)
 A = Elapsed time spent in this place.
 B = Non-inter-level travel time spent in this place.
 C = Inter-level travel time spent in this place.
 D = Time resting spent in this place.
 E = Time spent auto-exploring this place.
 F = Levels seen in this place.
 G = Mean time per level.
                   A        B        C        D        E       F      G
               +--------+--------+--------+--------+--------+-----+--------+
         Total |    459 |    423 |     36 |    143 |    140 |   3 |  153.0 |
       Dungeon |    402 |    366 |     36 |    143 |    110 |   2 |  201.0 |
         Abyss |     57 |     57 |      0 |      0 |     30 |   1 |   57.0 |
               +--------+--------+--------+--------+--------+-----+--------+

Top non-repeatable levels by time:
     D:1: 387 daAuts
 Abyss:1: 57 daAuts
     D:2: 14 daAuts
